Workbook
Name Dsfsff: [1]INSUMOS!$A$14:$A$10101
Name INSUMOS_NOM: [2]INSUMOS!$A$14:$A$490
Name INSUMOS_PRECIO: [2]INSUMOS!$E$14:$E$490
Name INSUMOS_TIPO: [2]INSUMOS!$B$14:$B$490
Name INSUMOS_UNI: [2]INSUMOS!$C$14:$C$490

Sheet PRESUPUESTO ESC.DEP
C3: Código | D3: CCE-EICP-FM-14 | E3: Versión | F3: 2
C4: FORMULARIO 1
C5: PRESUPUESTO OFICIAL
C6: [Las Entidades Estatales deben usar el presente formulario para determinar el Presupuesto Oficial del Proceso de Contratación y solo pueden modificar o ajustar aquello que en este se permite expresamente] [El presente formulario aplica para los procesos de contratación que tengan como forma de pago precios unitarios. Tratándose de otras modalidades de precio, la Entidad debe ajustarlo cuando corresponde a: precio global, llave en mano, administración delegada, reembolso de gastos o cualquier otra forma de precio.]
C8: Adicionalmente, cuando el proceso de contratación es estructurado por precios unitarios, la Entidad debe aplicar las notas 1, 2 y 3 del presente formulario y las casillas de "Descripción", "Porcentaje" de la Administración, Imprevisto, Utilidad y total A.I.U. resaltadas en color amarillo. Tratándose de otras modalidades de precio, la Entidad puede o no configurar los mismos aspectos.
C9: CANCHA FUTBOL BETANIA 2024-2025
D10: ITEM DE PAGO | E10: ESPECIFICACIONES | G10: DESCRIPCION | H10: UND. | I10: CANTIDAD | J10: VALOR UNITARIO | K10: VALOR TOTAL
C11: 1 | D11: 001.046 | G11: SUMINISTRO, TRANSPORTE E INSTALACION CAMPAMENTO PROVISIONAL | H11: M2 | I11: 30 | J11: =+APU!K4 -> 222763 | K11: =IFERROR(ROUND(I11*J11,0),0) -> 6682890 | L11: OK
C12: 2 | D12: 001.049 | G12: SUMINISTRO, TRANSPORTE E INSTALACIÓN CERRAMIENTO EN YUTE H= 2 M | H12: ML | I12: 70 | J12: =+APU!K26 -> 16360 | K12: =ROUND(J12*I12,0) -> 1145200 | L12: OK
C13: 3 | D13: 001.074 | G13: EVACUACION ESCOMBROS Y SOBRANTES EN VEHICULO AUTOMOTOR | H13: M3 | I13: 54.98 | J13: =+APU!K36 -> 66229 | K13: =IFERROR(ROUND(I13*J13,0),0) -> 3641270 | L13: OK
C14: 4 | D14: 001.087 | G14: AVISOS DE SEÑALIZACION | H14: UND | I14: 4 | J14: =+APU!K47 -> 277605 | K14: =IFERROR(ROUND(I14*J14,0),0) -> 1110420 | L14: OK
C15: 5 | D15: 028.019 | G15: DESMONTE PORTERÍAS DE MICROFUTBOL CON EXTENSIÓN Y TABLERO PARA BALONCESTO INCLUYE RETIRO (FUTBOL) | H15: UND. | I15: 4 | J15: =+APU!K221 -> 230969 | K15: =ROUND(J15*I15,0) -> 923876 | L15: OK
C16: 6 | D16: 001.043 | G16: ROCERIA Y LIMPIEZA | H16: M2 | I16: 2400 | J16: =+APU!K14 -> 3194 | K16: =ROUND(J16*I16,0) -> 7665600 | L16: OK
C17: 7 | G17: EXCAVACION MECANICA EN MATERIAL COMUN | H17: M3 | I17: =4217.84*0.1 -> 421.784 | J17: =+'ITEMS CREADOS'!K5 -> 72775 | K17: =IFERROR(ROUND(I17*J17,0),0) -> 30695331 | L17: OK
C18: 8 | D18: 002.001 | G18: EXCAVACIÓN EN ZANJA - MATERIAL COMÚN - 0.0 A 2.0 M | H18: M3 | I18: =((59.3*7)*0.25)+((64.238+56.5266)*0.16) -> 123.09734 | J18: =+APU!K58 -> 43683 | K18: =IFERROR(ROUND(I18*J18,0),0) -> 5377261 | L18: OK
C19: 9 | D19: 002.84 | G19: RELLENO COMPACTADO CON MATERIAL DE EXCAVACION | H19: M3 | I19: 31.13 | J19: =+APU!K63 -> 28176 | K19: =IFERROR(ROUND(I19*J19,0),0) -> 877119 | L19: OK
C20: 10 | D20: 002A.022 | G20: SUSTITUCION EN ARENA LIMPIA | H20: M3 | I20: =I18*0.2 -> 24.619467 | J20: =+APU!K90 -> 110028 | K20: =IFERROR(ROUND(I20*J20,0),0) -> 2708831 | L20: OK
C21: 11 | D21: 003.057 | G21: SUMINISTRO, TRANSPORTE E INSTALACION FILTRO DRENAJE (0.50 x 0.50 m.) Tubo Drenaje Corrugado de 4" con filtro. Incluye relleno piedra filtro, Geotextil NT 3000 | H21: ML | I21: =59.3*7 -> 415.1 | J21: =+APU!K106 -> 114218 | K21: =IFERROR(ROUND(I21*J21,0),0) -> 47411892 | L21: OK
C22: 12 | D22: 003.042 | G22: SUMINISTRO, TRANSPORTE E INSTALACION TUBERIA ALCANTARILLADO 160MM Tipo Novafort o similar. (Incluye accesorios, nivelación y cinta de demarcación) | H22: ML | I22: =64.238+56.5266 -> 120.7646 | J22: =+APU!K97 -> 77915 | K22: =IFERROR(ROUND(I22*J22,0),0) -> 9409374 | L22: OK
C23: 13 | D23: 002.118 | G23: NIVELACION TERRENO CON MATERIAL DE SITIO | H23: M2 | I23: 4217.84 | J23: =+APU!K67 -> 6315 | K23: =ROUND(J23*I23,0) -> 26635660 | L23: OK | N23: =71.3098-21.1652-10.1356 -> 40.009
C24: 14 | D24: 028.004 | G24: DESMONTE CERRAMIENTO MALLA | H24: M2 | I24: =((27.8635+21.1652+10.1356)*3)+((53.531-27.8635)+(71.3098-21.1652-10.1356)*6)*0.15 -> 217.35112 | J24: =+APU!K215 -> 16198 | K24: =ROUND(J24*I24,0) -> 3520654 | L24: OK | N24: =53.531-27.8635 -> 25.6675
C25: 15 | D25: 21081 | G25: SUMINISTRO, TRANSPORTE E INSTALACION MODULOS PARA CERRAMIENTO DE 2,0 X 3,0 M, ANGULO 2" X 2" X 3/16" TUBO CUADRADO DE 1 1/2 X 1 1/2 PULGADA CALIBRE 20, MALLA ESLABONDA CA10 2" X 2" | H25: UND | I25: =M25+N25 -> 47.171271 | J25: =+APU!K200 -> 421232 | K25: =ROUND(J25*I25,0) -> 19870049 | L25: OK | M25: =I24/6 -> 36.225187 | N25: =(N23+N24)/6 -> 10.946083
C26: 16 | G26: SUMINISTRO, TRANSPORTE E INSTALACION DE DOS (2) ARCOS METALICOS DE FUTBOL EN TUBERIA NEGRA (INCLUYE REDES, ANTICORROSIVO,PINTURA, CONCRETO Y ACERO PARA PILOTES) | H26: UND | I26: 1 | J26: =+'ITEMS CREADOS'!K10 -> 3283101 | K26: 2529353 | L26: OK
C27: 17 | D27: 029.001 | G27: DEMOLICIÓN DE ESTRUCTURAS DE CONCRETO HIDRÁULICO | H27: M3 | I27: =(0.7575*50)+(0.855*20) -> 54.975 | J27: =+APU!K228 -> 196733 | K27: =IFERROR(ROUND(I27*J27,0),0) -> 10815397 | L27: OK
C28: 18 | D28: 032.007 | G28: SUMINISTRO, TRANSPORTE E INSTALACION ESCALAS CONCRETO 3000 PSI RAMPA E= 0.15M, MEDIDA EN RAMPA | H28: M2 | I28: 125 | J28: =+APU!K263 -> 261574 | K28: =ROUND(J28*I28,0) -> 32696750 | L28: OK
C29: 19 | D29: 002A.004 | G29: SUMINISTRO, TRANSPORTE E INSTALACION ZAPATA CONCRETO 3000 PSI | H29: M3 | I29: =(1.2*1.2*0.4)*25 -> 14.4 | J29: =+APU!K72 -> 941947 | K29: =ROUND(J29*I29,0) -> 13564037 | L29: OK
C30: 20 | D30: 032.003 | G30: SUMINISTRO, TRANSPORTE E INSTALACION COLUMNAS CONCRETO 3000 PSI | H30: M3 | I30: =(0.3*1.8)*20 -> 10.8 | J30: =+APU!K244 -> 1634255 | K30: =ROUND(J30*I30,0) -> 17649954 | L30: OK
C31: 21 | D31: 002A.005 | G31: SUMINISTRO, TRANSPORTE E INSTALACION VIGA CIMENTACION CONCRETO 3000 PSI | H31: M3 | I31: =(50)*0.09 -> 4.5 | J31: =+APU!K80 -> 1099706 | K31: =ROUND(J31*I31,0) -> 4948677 | L31: OK
C32: 22 | D32: 005.112 | G32: SUMINISTRO, TRANSPORTE E INSTALACIÓN DE ACERO DE REFUERZO FY = 60.000 PSI = 420 MPA (INCLUYE NALAMBRE NEGRO Y FIGURACIÓN) | H32: KG | I32: =(I29+I30+I31)*20 -> 594 | J32: =+APU!K144 -> 10912 | K32: =ROUND(J32*I32,0) -> 6481728 | L32: OK
C33: Subtotal | K33: =SUM(K11:K32) -> 256361323 | M33: 205550474
C34: CANCHA MULTIPLE CHIPRE 2024-2025
D35: ITEM DE PAGO | E35: ESPECIFICACIONES | G35: DESCRIPCION | H35: UND. | I35: CANTIDAD | J35: VALOR UNITARIO | K35: VALOR TOTAL
C36: 1 | D36: 001.046 | G36: SUMINISTRO, TRANSPORTE E INSTALACION CAMPAMENTO PROVISIONAL | H36: M2 | I36: 30 | J36: =+APU!K4 -> 222763 | K36: =ROUND(J36*I36,0) -> 6682890 | L36: OK
C37: 2 | D37: 001.049 | G37: SUMINISTRO, TRANSPORTE E INSTALACIÓN CERRAMIENTO EN YUTE H= 2 M | H37: ML | I37: 50 | J37: =+APU!K26 -> 16360 | K37: =ROUND(J37*I37,0) -> 818000 | L37: OK
C38: 3 | D38: 001.074 | G38: EVACUACION ESCOMBROS Y SOBRANTES EN VEHICULO AUTOMOTOR | H38: M3 | I38: 7 | J38: =+APU!K36 -> 66229 | K38: =ROUND(J38*I38,0) -> 463603 | L38: OK
C39: 4 | D39: 028.019 | G39: DESMONTE PORTERÍAS DE MICROFUTBOL CON EXTENSIÓN Y TABLERO PARA BALONCESTO INCLUYE RETIRO | H39: UND. | I39: 2 | J39: =+APU!K221 -> 230969 | K39: =ROUND(J39*I39,0) -> 461938 | L39: OK
C40: 5 | D40: 028.004 | G40: DESMONTE CERRAMIENTO MALLA | H40: M2 | I40: 93 | J40: =+APU!K215 -> 16198 | K40: =ROUND(J40*I40,0) -> 1506414 | L40: OK
C41: 6 | G41: REPARACION MUROS | H41: M2 | I41: 19.2 | J41: =+'ITEMS CREADOS'!K2 -> 3023 | K41: =ROUND(J41*I41,0) -> 58042 | L41: OK
C42: 7 | D42: 029.016 | G42: DEMOLICION PLACA DE CONTRAPISO HASTA E=0.30 M (INCLUYE RETIRO) | H42: M2 | I42: =510*0.25 -> 127.5 | J42: =+APU!K235 -> 36122 | K42: =ROUND(J42*I42,0) -> 4605555 | L42: OK
C43: 8 | D43: 005.011 | G43: SUMINISTRO, TRANSPORTE E INSTALACION PLACA CONTRAPISO CONCRETO 3000 PSI E=0.10 m | H43: M2 | I43: =I42 -> 127.5 | J43: =+APU!K126 -> 128605 | K43: =ROUND(J43*I43,0) -> 16397138 | L43: OK
C44: 9 | D44: 005.056 | G44: SUMINISTRO, TRANSPORTE E INSTALACION JUNTA DE DILATACION PARA PLACA CONTRAPISO (Inlcuye sellante) | H44: ML | I44: 10 | J44: =+APU!K137 -> 20142 | K44: =ROUND(J44*I44,0) -> 201420 | L44: OK
C45: 10 | D45: 032.341 | G45: CORTE MECANIZADO PARA PISOS | H45: ML | I45: =I44 -> 10 | J45: =+APU!K278 -> 10069 | K45: =ROUND(J45*I45,0) -> 100690 | L45: OK
C46: 11 | D46: 004.013 | G46: SUMINISTRO, TRANSPORTE E INSTALACION AFIRMADO COMPACTADO PARA ESTRUCTURAS | H46: M3 | I46: =I43 -> 127.5 | J46: =+APU!K117 -> 168858 | K46: =ROUND(J46*I46,0) -> 21529395 | L46: OK
C47: 12 | D47: 033.108 | G47: SUMINISTRO, TRANSPORTE E INSTALACION MALLA ELECTROSOLDADA M-131 Q-3.1 F 5.0mm c/.15m en ambos sentidos (Incluye alambre negro, colocación y traslapo). | H47: M2 | I47: =I43 -> 127.5 | J47: =+APU!K289 -> 21059 | K47: =ROUND(J47*I47,0) -> 2685023 | L47: OK
C48: 13 | D48: 21081 | G48: SUMINISTRO, TRANSPORTE E INSTALACION MODULOS PARA CERRAMIENTO DE 2,0 X 3,0 M, ANGULO 2" X 2" X 3/16" TUBO CUADRADO DE 1 1/2 X 1 1/2 PULGADA CALIBRE 20, MALLA ESLABONDA CA10 2" X 2" | H48: UND | I48: 16 | J48: =+APU!K185 -> 626646 | K48: =ROUND(J48*I48,0) -> 10026336 | L48: OK
C49: 14 | D49: 019.024 | G49: DEMARCACION DE LAS DIFERENTES CANCHAS (LINEAS PARA FUTBOL SALA, VOLEIBOL, BALONMANO Y BALONCESTO). INCLUYE EQUIPO Y ACTIVIDADES NECESARIAS PARA SU EJECUCION | H49: UND | I49: 1 | J49: =+APU!K154 -> 996249 | K49: =ROUND(J49*I49,0) -> 996249 | L49: OK
C50: 15 | D50: 021.058 | G50: SUMINISTRO, TRANSPORTE E INSTALACIÓN PORTERÍA DE MICROFUTBOL CON EXTENSIÓN Y TABLERO PARA BALONCESTO - INCLUYE ARO Y MALLA BALONCESTO | H50: UND | I50: 2 | J50: =+APU!K164 -> 3094310 | K50: =ROUND(J50*I50,0) -> 6188620 | L50: OK
C51: Subtotal | K51: =SUM(K36:K50) -> 72721313 | M51: 63439902
C53: SUBTOTAL | K53: =K33+K51 -> 329082636
G56: SUBTOTAL OBRAS (INCLUYE AIU) | K56: =+K53 -> 329082636 | M56: =+K57/(1+K63) -> 2.5353054e+08
G57: VALOR TOTAL | K57: =K53 -> 329082636
C59: NOTA 1: Se debe tener en cuenta que el PRECIO UNITARIO incluye el valor de A.I.U. | H59: DESCRIPCION | K59: PORCENTAJE
C60: NOTA 2: Cuando la fracción decimal del peso sea igual o superior a 5 se aproximará por exceso al número entero siguiente del peso y cuando la fracción decimal del peso sea inferior a 5 se aproximará por defecto al número entero del peso. | H60: ADMINISTRACION | J60: A= | K60: =+'AIU (2)'!J49 -> 0.238
C61: NOTA 3: El A.I.U y su discriminación deben estar en porcentaje (%). | H61: IMPREVISTO | J61: I=
C62: NOTA 4: [Excepcionalmente la Entidad podrá incluir esta nota con el fin de aclarar aspectos relacionados con ítems o descripciones de pago que tengan características particulares (por ejemplo, cuando se realicen a través de monto agotable o global), siempre que no contravengan lo establecido en los Documentos Tipo] | H62: UTILIDAD | J62: U= | K62: =+'AIU (2)'!I51 -> 0.06
C63: NOTA 5: [Excepcionalmente la Entidad podrá incluir esta nota con el fin de aclarar aspectos relacionados con ítems o descripciones de pago que tengan características particulares (por ejemplo, cuando se realicen a través de monto agotable o global), siempre que no contravengan lo establecido en los Documentos Tipo] | H63: TOTAL A.I.U | J63: A.I.U.= | K63: =K60+K62 -> 0.298

Sheet APU
A2: 001 | C2: PRELIMINARES | D2: Capitulo
A4: 001.046 | B4: - | C4: SUMINISTRO, TRANSPORTE E INSTALACION CAMPAMENTO PROVISIONAL | D4: Actividad | E4: M2 | H4: 171620 | J4: =+'AIU (2)'!G28 -> 1.298 | K4: =ROUND((H4*J4),0) -> 222763
A5: 001.046 | B5: AB4 | C5: CONCRETO 2500 psi - 17.5 Mpa | D5: Analisis | E5: M3 | F5: 0.05 | G5: 500691 | H5: 25035
A6: 001.046 | B6: C15 | C6: CUADRILLA AA TIPO 3 (1 OFICIAL + 3 AYUDANTE) (Albañileria) | D6: Cuadrilla | E6: HR | F6: 0.85 | G6: 42311 | H6: 35964
A7: 001.046 | B7: E14 | C7: MEZCLADORA A GASOLINA 1 SACO | D7: Equipos | E7: DIA | F7: 0.021 | G7: 45166 | H7: 948
A8: 001.046 | B8: H1 | C8: EQUIPO BASICO ( CONSTRUCCIÓN ) | D8: Herramienta | E8: UND | F8: 0.85 | G8: 3311 | H8: 2814
A9: 001.046 | B9: I1614 | C9: PUERTAS Y VENTANAS EN TABLA PARA CAMPAMENTO | D9: Insumo | E9: M2 | F9: 0.515 | G9: 4228 | H9: 2177
A10: 001.046 | B10: I1619 | C10: INSTALACIONES PROVISIONALES | D10: Insumo | E10: UND | F10: 1.03 | G10: 21707 | H10: 22358
A11: 001.046 | B11: I1620 | C11: GUADUA-TABLA-CUARTÓN-LISTÓN-VARILLÓN PARA CAMPAMENTO | D11: Insumo | E11: M2 | F11: 0.515 | G11: 133122 | H11: 68558
A12: 001.046 | B12: I302 | C12: TEJA DE ZINC ONDULADA TZO L=2.44X0.80 | D12: Insumo | E12: UND | F12: 0.35 | G12: 39332 | H12: 13766
A14: 001.043 | B14: - | C14: ROCERIA Y LIMPIEZA | D14: Actividad | E14: M2 | H14: 2461 | J14: =+'AIU (2)'!G28 -> 1.298 | K14: =ROUND((H14*J14),0) -> 3194
A15: 001.043 | B15: C1 | C15: CUADRILLA AA TIPO 1 (1 OFICIAL + 1 AYUDANTE) (Albañileria) | D15: Cuadrilla | E15: HR | F15: 0.07 | G15: 23915 | H15: 1674
A16: 001.043 | B16: E24 | C16: VOLQUETA 6M3 (CARGUE A MANO) | D16: Equipos | E16: VJE | F16: 0.003 | G16: 154179 | H16: 463
A17: 001.043 | B17: H2 | C17: EQUIPO BASICO (HERRAMIENTA MENOR) | D17: Herramienta | E17: UND | F17: 0.07 | G17: 3311 | H17: 232
A18: 001.043 | B18: I1565 | C18: ACARREO INTERNO | D18: Insumo | E18: UND | F18: 0.053 | G18: 1733 | H18: 92
A20: 001.045 | B20: - | C20: NIVELACION Y LIMPIEZA | D20: Actividad | E20: M2 | H20: 7422
A21: 001.045 | B21: C1 | C21: CUADRILLA AA TIPO 1 (1 OFICIAL + 1 AYUDANTE) (Albañileria) | D21: Cuadrilla | E21: HR | F21: 0.25 | G21: =+VLOOKUP(B21,[3]Insumos!$A$2:$F$5000,5,FALSE) -> 23915 | H21: =+ROUND(F21*G21,0) -> 5979
A22: 001.045 | B22: E24 | C22: VOLQUETA 6M3 (CARGUE A MANO) | D22: Equipos | E22: VJE | F22: 0.001 | G22: =+VLOOKUP(B22,[3]Insumos!$A$2:$F$5000,5,FALSE) -> 154179 | H22: =+ROUND(F22*G22,0) -> 154
A23: 001.045 | B23: H2 | C23: EQUIPO BASICO (HERRAMIENTA MENOR) | D23: Herramienta | E23: UND | F23: 0.25 | G23: =+VLOOKUP(B23,[3]Insumos!$A$2:$F$5000,5,FALSE) -> 3311 | H23: =+ROUND(F23*G23,0) -> 828
A24: 001.045 | B24: I1565 | C24: ACARREO INTERNO | D24: Insumo | E24: UND | F24: 0.266 | G24: =+VLOOKUP(B24,[3]Insumos!$A$2:$F$5000,5,FALSE) -> 1733 | H24: =+ROUND(F24*G24,0) -> 461
A26: 001.049 | B26: - | C26: SUMINISTRO, TRANSPORTE E INSTALACIÓN CERRAMIENTO EN YUTE H= 2 M | D26: Actividad | E26: ML | H26: 12604 | J26: =+'AIU (2)'!G28 -> 1.298 | K26: =ROUND((H26*J26),0) -> 16360
A27: 001.049 | B27: C1 | C27: CUADRILLA AA TIPO 1 (1 OFICIAL + 1 AYUDANTE) (Albañileria) | D27: Cuadrilla | E27: HR | F27: 0.16 | G27: =+VLOOKUP(B27,[3]Insumos!$A$2:$F$5000,5,FALSE) -> 23915 | H27: =+ROUND(F27*G27,0) -> 3826
A28: 001.049 | B28: H2 | C28: EQUIPO BASICO (HERRAMIENTA MENOR) | D28: Herramienta | E28: UND | F28: 0.16 | G28: =+VLOOKUP(B28,[3]Insumos!$A$2:$F$5000,5,FALSE) -> 3311 | H28: =+ROUND(F28*G28,0) -> 530
A29: 001.049 | B29: I425 | C29: PUNTILLA CON CABEZA 2" | D29: Insumo | E29: LB | F29: 0.2 | G29: =+VLOOKUP(B29,[3]Insumos!$A$2:$F$5000,5,FALSE) -> 4680 | H29: =+ROUND(F29*G29,0) -> 936
A30: 001.049 | B30: I447 | C30: FIBRA PARA CERRAMIENTO PROVISIONAL H=2,1M | D30: Insumo | E30: M | F30: 1 | G30: =+VLOOKUP(B30,[3]Insumos!$A$2:$F$5000,5,FALSE) -> 4117 | H30: =+ROUND(F30*G30,0) -> 4117
A31: 001.049 | B31: I986 | C31: GUADUA CEPA DE 5 VARAS | D31: Insumo | E31: UND | F31: 0.35 | G31: =+VLOOKUP(B31,[3]Insumos!$A$2:$F$5000,5,FALSE) -> 9128 | H31: =+ROUND(F31*G31,0) -> 3195
A33: 001.051 | B33: - | C33: INSTALACION PROVISIONAL DE ENERGIA | D33: Actividad | E33: UND | H33: 73024
A34: 001.051 | B34: I1559 | C34: SERVICIO DE ENERGIA | D34: Insumo | E34: MES | F34: 1 | G34: 73024 | H34: 73024
A36: 001.074 | B36: - | C36: EVACUACION ESCOMBROS Y SOBRANTES EN VEHICULO AUTOMOTOR | D36: Actividad | E36: M3 | H36: 51024 | J36: =+'AIU (2)'!G28 -> 1.298 | K36: =ROUND((H36*J36),0) -> 66229
A37: 001.074 | B37: C8 | C37: CUADRILLA AA TIPO 2 (1 OFICIAL + 2 AYUDANTE) (Albañileria) | D37: Cuadrilla | E37: HR | F37: 0.3 | G37: =+VLOOKUP(B37,[4]Insumos!$A$2:$F$5000,5,FALSE) -> 33113 | H37: =+ROUND(F37*G37,0) -> 9934
A38: 001.074 | B38: E24 | C38: VOLQUETA 6M3 (CARGUE A MANO) | D38: Equipos | E38: VJE | F38: 0.25 | G38: =+VLOOKUP(B38,[4]Insumos!$A$2:$F$5000,5,FALSE) -> 154179 | H38: =+ROUND(F38*G38,0) -> 38545
A39: 001.074 | B39: H2 | C39: EQUIPO BASICO (HERRAMIENTA MENOR) | D39: Herramienta | E39: UND | F39: 0.3 | G39: =+VLOOKUP(B39,[4]Insumos!$A$2:$F$5000,5,FALSE) -> 3311 | H39: =+ROUND(F39*G39,0) -> 993
A40: 001.074 | B40: I1560 | C40: PERMISO USO DE ESCOMBRERA | D40: Insumo | E40: M3 | F40: 1 | G40: =+VLOOKUP(B40,[4]Insumos!$A$2:$F$5000,5,FALSE) -> 911 | H40: =+ROUND(F40*G40,0) -> 911
A41: 001.074 | B41: I1565 | C41: ACARREO INTERNO | D41: Insumo | E41: UND | F41: 0.37 | G41: =+VLOOKUP(B41,[4]Insumos!$A$2:$F$5000,5,FALSE) -> 1733 | H41: =+ROUND(F41*G41,0) -> 641
A43: 001.083 | B43: - | C43: SOBREACARREO EN VEHICULO NO AUTOMOTOR AL HOMBRO | D43: Actividad | E43: M3 - HM | H43: 122518
A44: 001.083 | B44: C1 | C44: CUADRILLA AA TIPO 1 (1 OFICIAL + 1 AYUDANTE) (Albañileria) | D44: Cuadrilla | E44: HR | F44: 4.5 | G44: =+VLOOKUP(B44,[4]Insumos!$A$2:$F$5000,5,FALSE) -> 23915 | H44: =+ROUND(F44*G44,0) -> 107618
A45: 001.083 | B45: H2 | C45: EQUIPO BASICO (HERRAMIENTA MENOR) | D45: Herramienta | E45: UND | F45: 4.5 | G45: =+VLOOKUP(B45,[4]Insumos!$A$2:$F$5000,5,FALSE) -> 3311 | H45: =+ROUND(F45*G45,0) -> 14900
A47: 001.087 | B47: - | C47: AVISOS DE SEÑALIZACION | D47: Actividad | E47: UND | H47: 213871 | J47: =+'AIU (2)'!G28 -> 1.298 | K47: =ROUND((H47*J47),0) -> 277605
A48: 001.087 | B48: AB4 | C48: CONCRETO 2500 psi - 17.5 Mpa | D48: Analisis | E48: M3 | F48: 0.01 | G48: =+VLOOKUP(B48,[4]Insumos!$A$2:$F$5000,5,FALSE) -> 500691 | H48: =+ROUND(F48*G48,0) -> 5007
A49: 001.087 | B49: C1 | C49: CUADRILLA AA TIPO 1 (1 OFICIAL + 1 AYUDANTE) (Albañileria) | D49: Cuadrilla | E49: HR | F49: 2 | G49: =+VLOOKUP(B49,[4]Insumos!$A$2:$F$5000,5,FALSE) -> 23915 | H49: =+ROUND(F49*G49,0) -> 47830
A50: 001.087 | B50: E111 | C50: FORMALETA PARA BASE DE CONCRETO | D50: Equipos | E50: UND | F50: 0.5 | G50: =+VLOOKUP(B50,[4]Insumos!$A$2:$F$5000,5,FALSE) -> 5419 | H50: =+ROUND(F50*G50,0) -> 2710
A51: 001.087 | B51: E12 | C51: EQUIPO DE TRANSPORTE | D51: Equipos | E51: DIA | F51: 0.228 | G51: =+VLOOKUP(B51,[4]Insumos!$A$2:$F$5000,5,FALSE) -> 171308 | H51: =+ROUND(F51*G51,0) -> 39058
A52: 001.087 | B52: H2 | C52: EQUIPO BASICO (HERRAMIENTA MENOR) | D52: Herramienta | E52: UND | F52: 2 | G52: =+VLOOKUP(B52,[4]Insumos!$A$2:$F$5000,5,FALSE) -> 3311 | H52: =+ROUND(F52*G52,0) -> 6622
A53: 001.087 | B53: I1565 | C53: ACARREO INTERNO | D53: Insumo | E53: UND | F53: 0.158 | G53: =+VLOOKUP(B53,[4]Insumos!$A$2:$F$5000,5,FALSE) -> 1733 | H53: =+ROUND(F53*G53,0) -> 274
A54: 001.087 | B54: I450 | C54: SEÑAL PREVENTIVA, REGLAMENTARIA E INFORMATIVA (2 USOS) | D54: Insumo | E54: UND | F54: 0.6 | G54: =+VLOOKUP(B54,[4]Insumos!$A$2:$F$5000,5,FALSE) -> 187283 | H54: =+ROUND(F54*G54,0) -> 112370
A56: 002A | C56: CIMIENTOS | D56: Capitulo
A58: 002.001 | B58: - | C58: EXCAVACIÓN EN ZANJA - MATERIAL COMÚN - 0.0 A 2.0 M | D58: Actividad | E58: M3 | H58: 33654 | J58: =+'AIU (2)'!G28 -> 1.298 | K58: =ROUND((H58*J58),0) -> 43683
A59: 002.001 | B59: C22 | C59: CUADRILLA AA TIPO 4 (1 OFICIAL + 4 AYUDANTE) (Albañileria) | D59: Cuadrilla | E59: HR | F59: 0.6 | G59: =+VLOOKUP(B59,[5]Insumos!$A$2:$F$5000,5,FALSE) -> 51509 | H59: =+ROUND(F59*G59,0) -> 30905
A60: 002.001 | B60: E36 | C60: EQUIPO MANEJO DE AGUAS DIFERENTE A AGUAS RESIDUALES | D60: Equipos | E60: DIA | F60: 0.033 | G60: =+VLOOKUP(B60,[5]Insumos!$A$2:$F$5000,5,FALSE) -> 63233 | H60: =+ROUND(F60*G60,0) -> 2087
A61: 002.001 | B61: H2 | C61: EQUIPO BASICO (HERRAMIENTA MENOR) | D61: Herramienta | E61: UND | F61: 0.2 | G61: =+VLOOKUP(B61,[5]Insumos!$A$2:$F$5000,5,FALSE) -> 3311 | H61: =+ROUND(F61*G61,0) -> 662
A63: 002.84 | B63: - | C63: RELLENO COMPACTADO CON MATERIAL DE EXCAVACION | D63: Actividad | E63: M3 | H63: 21707 | J63: =+'AIU (2)'!G28 -> 1.298 | K63: =ROUND((H63*J63),0) -> 28176
A64: 002.84 | B64: C44 | C64: CUADRILLA AA (2 AYUDANTES) | D64: Cuadrilla | E64: HR | F64: 1 | G64: =+VLOOKUP(B64,[4]Insumos!$A$2:$F$5000,5,FALSE) -> 18396 | H64: =+ROUND(F64*G64,0) -> 18396
A65: 002.84 | B65: H2 | C65: EQUIPO BASICO (HERRAMIENTA MENOR) | D65: Herramienta | E65: UND | F65: 1 | G65: =+VLOOKUP(B65,[4]Insumos!$A$2:$F$5000,5,FALSE) -> 3311 | H65: =+ROUND(F65*G65,0) -> 3311
A67: 002.118 | B67: - | C67: NIVELACION TERRENO CON MATERIAL DE SITIO | D67: Actividad | E67: M3 | H67: 4865 | J67: =+'AIU (2)'!G28 -> 1.298 | K67: =ROUND((H67*J67),0) -> 6315
A68: 002.118 | B68: C22 | C68: CUADRILLA AA TIPO 4 (1 OFICIAL + 4 AYUDANTE) (Albañileria) | D68: Cuadrilla | E68: HR | F68: 0.08 | G68: =+VLOOKUP(B68,[3]Insumos!$A$2:$F$5000,5,FALSE) -> 51509 | H68: =+ROUND(F68*G68,0) -> 4121
A69: 002.118 | B69: H2 | C69: EQUIPO BASICO (HERRAMIENTA MENOR) | D69: Herramienta | E69: UND | F69: 0.12 | G69: =+VLOOKUP(B69,[3]Insumos!$A$2:$F$5000,5,FALSE) -> 3311 | H69: =+ROUND(F69*G69,0) -> 397
A70: 002.118 | B70: I1565 | C70: ACARREO INTERNO | D70: Insumo | E70: UND | F70: 0.2 | G70: =+VLOOKUP(B70,[3]Insumos!$A$2:$F$5000,5,FALSE) -> 1733 | H70: =+ROUND(F70*G70,0) -> 347
A72: 002A.004 | B72: - | C72: SUMINISTRO, TRANSPORTE E INSTALACION ZAPATA CONCRETO 3000 PSI | D72: Actividad | E72: M3 | H72: 725691 | J72: =+'AIU (2)'!G43 -> 1.298 | K72: =ROUND((H72*J72),0) -> 941947
A73: 002A.004 | B73: AB5 | C73: CONCRETO 3000 psi - 21 Mpa | D73: Analisis | E73: M3 | F73: 1 | G73: =+VLOOKUP(B73,[3]Insumos!$A$2:$F$5000,5,FALSE) -> 554104 | H73: =+ROUND(F73*G73,0) -> 554104
A74: 002A.004 | B74: C22 | C74: CUADRILLA AA TIPO 4 (1 OFICIAL + 4 AYUDANTE) (Albañileria) | D74: Cuadrilla | E74: HR | F74: 2.2 | G74: =+VLOOKUP(B74,[3]Insumos!$A$2:$F$5000,5,FALSE) -> 51509 | H74: =+ROUND(F74*G74,0) -> 113320
A75: 002A.004 | B75: E12 | C75: EQUIPO DE TRANSPORTE | D75: Equipos | E75: DIA | F75: 0.1 | G75: =+VLOOKUP(B75,[3]Insumos!$A$2:$F$5000,5,FALSE) -> 171308 | H75: =+ROUND(F75*G75,0) -> 17131
A76: 002A.004 | B76: E21 | C76: VIBRADOR A GASOLINA | D76: Equipos | E76: DIA | F76: 0.15 | G76: =+VLOOKUP(B76,[3]Insumos!$A$2:$F$5000,5,FALSE) -> 67825 | H76: =+ROUND(F76*G76,0) -> 10174
A77: 002A.004 | B77: H1 | C77: EQUIPO BASICO ( CONSTRUCCIÓN ) | D77: Herramienta | E77: UND | F77: 1.5 | G77: =+VLOOKUP(B77,[3]Insumos!$A$2:$F$5000,5,FALSE) -> 3311 | H77: =+ROUND(F77*G77,0) -> 4967
A78: 002A.004 | B78: I1565 | C78: ACARREO INTERNO | D78: Insumo | E78: UND | F78: 15 | G78: =+VLOOKUP(B78,[3]Insumos!$A$2:$F$5000,5,FALSE) -> 1733 | H78: =+ROUND(F78*G78,0) -> 25995
A80: 002A.005 | B80: - | C80: SUMINISTRO, TRANSPORTE E INSTALACION VIGA CIMENTACION CONCRETO 3000 PSI | D80: Actividad | E80: M3 | H80: 847231 | J80: =+'AIU (2)'!G28 -> 1.298 | K80: =ROUND((H80*J80),0) -> 1099706
A81: 002A.005 | B81: AB6 | C81: CONCRETO 3500 psi - 24.5 Mpa | D81: Analisis | E81: M3 | F81: 1 | G81: =+VLOOKUP(B81,[3]Insumos!$A$2:$F$5000,5,FALSE) -> 603954 | H81: =+ROUND(F81*G81,0) -> 603954
A82: 002A.005 | B82: C29 | C82: CUADRILLA AA TIPO 5 (1 OFICIAL + 5 AYUDANTE) (Albañileria) | D82: Cuadrilla | E82: HR | F82: 3 | G82: =+VLOOKUP(B82,[3]Insumos!$A$2:$F$5000,5,FALSE) -> 60707 | H82: =+ROUND(F82*G82,0) -> 182121
A83: 002A.005 | B83: E111 | C83: FORMALETA PARA BASE DE CONCRETO | D83: Equipos | E83: UND | F83: 3 | G83: =+VLOOKUP(B83,[3]Insumos!$A$2:$F$5000,5,FALSE) -> 5419 | H83: =+ROUND(F83*G83,0) -> 16257
A84: 002A.005 | B84: E12 | C84: EQUIPO DE TRANSPORTE | D84: Equipos | E84: DIA | F84: 0.1 | G84: =+VLOOKUP(B84,[3]Insumos!$A$2:$F$5000,5,FALSE) -> 171308 | H84: =+ROUND(F84*G84,0) -> 17131
A85: 002A.005 | B85: E21 | C85: VIBRADOR A GASOLINA | D85: Equipos | E85: DIA | F85: 0.18 | G85: =+VLOOKUP(B85,[3]Insumos!$A$2:$F$5000,5,FALSE) -> 67825 | H85: =+ROUND(F85*G85,0) -> 12209
A86: 002A.005 | B86: H1 | C86: EQUIPO BASICO ( CONSTRUCCIÓN ) | D86: Herramienta | E86: UND | F86: 1.5 | G86: =+VLOOKUP(B86,[3]Insumos!$A$2:$F$5000,5,FALSE) -> 3311 | H86: =+ROUND(F86*G86,0) -> 4967
A87: 002A.005 | B87: H2 | C87: EQUIPO BASICO (HERRAMIENTA MENOR) | D87: Herramienta | E87: UND | F87: 2.1 | G87: =+VLOOKUP(B87,[3]Insumos!$A$2:$F$5000,5,FALSE) -> 3311 | H87: =+ROUND(F87*G87,0) -> 6953
A88: 002A.005 | B88: I1565 | C88: ACARREO INTERNO | D88: Insumo | E88: UND | F88: 2.1 | G88: =+VLOOKUP(B88,[3]Insumos!$A$2:$F$5000,5,FALSE) -> 1733 | H88: =+ROUND(F88*G88,0) -> 3639
A90: 002A.022 | B90: - | C90: SUSTITUCION EN ARENA LIMPIA | D90: Actividad | E90: M3 | H90: 84767 | J90: =+'AIU (2)'!G28 -> 1.298 | K90: =ROUND((H90*J90),0) -> 110028
A91: 002A.022 | B91: C15 | C91: CUADRILLA AA TIPO 3 (1 OFICIAL + 3 AYUDANTE) (Albañileria) | D91: Cuadrilla | E91: HR | F91: 0.3 | G91: =+VLOOKUP(B91,[3]Insumos!$A$2:$F$5000,5,FALSE) -> 42311 | H91: =+ROUND(F91*G91,0) -> 12693
A92: 002A.022 | B92: H2 | C92: EQUIPO BASICO (HERRAMIENTA MENOR) | D92: Herramienta | E92: UND | F92: 0.5 | G92: =+VLOOKUP(B92,[3]Insumos!$A$2:$F$5000,5,FALSE) -> 3311 | H92: =+ROUND(F92*G92,0) -> 1656
A93: 002A.022 | B93: I51 | C93: ARENA LIMPIA SIN SOBRETAMAÑOS | D93: Insumo | E93: M3 | F93: 1.13 | G93: =+VLOOKUP(B93,[3]Insumos!$A$2:$F$5000,5,FALSE) -> 62317 | H93: =+ROUND(F93*G93,0) -> 70418
A95: 003 | C95: DESAGUES E INSTALACIONES SANITARIAS | D95: Capitulo
A97: 003.042 | B97: - | C97: SUMINISTRO, TRANSPORTE E INSTALACION TUBERIA ALCANTARILLADO 160MM Tipo Novafort o similar. (Incluye accesorios, nivelación y cinta de demarcación) | D97: Actividad | E97: ML | H97: 60027 | J97: =+'AIU (2)'!G28 -> 1.298 | K97: =ROUND((H97*J97),0) -> 77915
A98: 003.042 | B98: C23 | C98: CUADRILLA BB TIPO 4 (1 OFICIAL + 4 AYUDANTE) (Instalaciones) | D98: Cuadrilla | E98: HR | F98: 0.18 | G98: =+VLOOKUP(B98,[3]Insumos!$A$2:$F$5000,5,FALSE) -> 56651 | H98: =+ROUND(F98*G98,0) -> 10197
A99: 003.042 | B99: E12 | C99: EQUIPO DE TRANSPORTE | D99: Equipos | E99: DIA | F99: 0.005 | G99: =+VLOOKUP(B99,[3]Insumos!$A$2:$F$5000,5,FALSE) -> 171308 | H99: =+ROUND(F99*G99,0) -> 857
A100: 003.042 | B100: H2 | C100: EQUIPO BASICO (HERRAMIENTA MENOR) | D100: Herramienta | E100: UND | F100: 0.2 | G100: =+VLOOKUP(B100,[3]Insumos!$A$2:$F$5000,5,FALSE) -> 3311 | H100: =+ROUND(F100*G100,0) -> 662
A101: 003.042 | B101: I1565 | C101: ACARREO INTERNO | D101: Insumo | E101: UND | F101: 0.4 | G101: =+VLOOKUP(B101,[3]Insumos!$A$2:$F$5000,5,FALSE) -> 1733 | H101: =+ROUND(F101*G101,0) -> 693
A102: 003.042 | B102: I407 | C102: CINTA DE DEMARCACION * 10 M. | D102: Insumo | E102: M | F102: 1.03 | G102: =+VLOOKUP(B102,[3]Insumos!$A$2:$F$5000,5,FALSE) -> 183 | H102: =+ROUND(F102*G102,0) -> 188
A103: 003.042 | B103: I534 | C103: ACONDICIONADOR NOVAFORT TARRO 500 GRS. O SIMILAR. | D103: Insumo | E103: UND | F103: 0.06 | G103: =+VLOOKUP(B103,[3]Insumos!$A$2:$F$5000,5,FALSE) -> 147359 | H103: =+ROUND(F103*G103,0) -> 8842
A104: 003.042 | B104: I699 | C104: TUBO ALCANTARILLADO NOVAFORT PVC 160 MM | D104: Insumo | E104: M | F104: 1.03 | G104: =+VLOOKUP(B104,[3]Insumos!$A$2:$F$5000,5,FALSE) -> 37464 | H104: =+ROUND(F104*G104,0) -> 38588
A106: 003.057 | B106: - | C106: SUMINISTRO, TRANSPORTE E INSTALACION FILTRO DRENAJE (0.50 x 0.50 m.) Tubo Drenaje Corrugado de 4" con filtro. Incluye relleno piedra filtro, Geotextil NT 3000 | D106: Actividad | E106: ML | H106: 87995 | J106: =+'AIU (2)'!G28 -> 1.298 | K106: =ROUND((H106*J106),0) -> 114218
A107: 003.057 | B107: C16 | C107: CUADRILLA BB TIPO 3 (1 OFICIAL + 3 AYUDANTE) (Instalaciones) | D107: Cuadrilla | E107: HR | F107: 0.08 | G107: =+VLOOKUP(B107,[3]Insumos!$A$2:$F$5000,5,FALSE) -> 46535 | H107: =+ROUND(F107*G107,0) -> 3723
A108: 003.057 | B108: E12 | C108: EQUIPO DE TRANSPORTE | D108: Equipos | E108: DIA | F108: 0.009 | G108: =+VLOOKUP(B108,[3]Insumos!$A$2:$F$5000,5,FALSE) -> 171308 | H108: =+ROUND(F108*G108,0) -> 1542
A109: 003.057 | B109: H2 | C109: EQUIPO BASICO (HERRAMIENTA MENOR) | D109: Herramienta | E109: UND | F109: 0.2 | G109: =+VLOOKUP(B109,[3]Insumos!$A$2:$F$5000,5,FALSE) -> 3311 | H109: =+ROUND(F109*G109,0) -> 662
A110: 003.057 | B110: I1565 | C110: ACARREO INTERNO | D110: Insumo | E110: UND | F110: 0.1 | G110: =+VLOOKUP(B110,[3]Insumos!$A$2:$F$5000,5,FALSE) -> 1733 | H110: =+ROUND(F110*G110,0) -> 173
A111: 003.057 | B111: I48 | C111: PIEDRA FILTRO | D111: Insumo | E111: M3 | F111: 0.2875 | G111: =+VLOOKUP(B111,[3]Insumos!$A$2:$F$5000,5,FALSE) -> 76165 | H111: =+ROUND(F111*G111,0) -> 21897
A112: 003.057 | B112: I513 | C112: GEOTEXTIL NO TEJIDO 3000 PAVCO O SIMILAR | D112: Insumo | E112: M2 | F112: 2.1 | G112: =+VLOOKUP(B112,[3]Insumos!$A$2:$F$5000,5,FALSE) -> 9637 | H112: =+ROUND(F112*G112,0) -> 20238
A113: 003.057 | B113: I731 | C113: TUBO DRENAJE CORRUGADA PVC 100 MM ( 4") SIN FILTRO. TRAMOS DE 5 M. CON UNIÓN. | D113: Insumo | E113: M | F113: 1.01 | G113: =+VLOOKUP(B113,[3]Insumos!$A$2:$F$5000,5,FALSE) -> 39366 | H113: =+ROUND(F113*G113,0) -> 39760
A115: 004 | C115: PISOS-BASES-RELLENOS
A117: 004.013 | B117: - | C117: SUMINISTRO, TRANSPORTE E INSTALACION AFIRMADO COMPACTADO PARA ESTRUCTURAS | D117: Actividad | E117: M3 | H117: 130091 | J117: =+'AIU (2)'!G28 -> 1.298 | K117: =ROUND((H117*J117),0) -> 168858
A118: 004.013 | B118: C15 | C118: CUADRILLA AA TIPO 3 (1 OFICIAL + 3 AYUDANTE) (Albañileria) | D118: Cuadrilla | E118: HR | F118: 0.3 | G118: 42311 | H118: 12693
A119: 004.013 | B119: E47 | C119: VIBROCOMPACTADOR TIPO RANA | D119: Equipos | E119: DIA | F119: 0.4 | G119: 56533 | H119: 22613
A120: 004.013 | B120: H2 | C120: EQUIPO BASICO (HERRAMIENTA MENOR) | D120: Herramienta | E120: UND | F120: 0.5 | G120: 3311 | H120: 1656
A121: 004.013 | B121: I1565 | C121: ACARREO INTERNO | D121: Insumo | E121: UND | F121: 0.6 | G121: 1733 | H121: 1040
...

Sheet ITEMS CREADOS
B2: - | C2: REPARACION MUROS | D2: Actividad | E2: M2 | H2: =SUM(H3) -> 2329 | J2: =+'AIU (2)'!G28 -> 1.298 | K2: =ROUND((H2*J2),0) -> 3023
B3: I2302 | C3: MORTERO 1:3 | D3: Insumo | E3: M3 | F3: 0.00347 | G3: =+VLOOKUP(B3,[7]Insumos!$A$2:$F$5000,5,FALSE) -> 671220 | H3: =+ROUND(F3*G3,0) -> 2329
C5: EXCAVACION MECANICA EN MATERIAL COMUN | E5: m3 | H5: =SUM(H6:H8) -> 56067 | J5: =+'AIU (2)'!G28 -> 1.298 | K5: =ROUND((H5*J5),0) -> 72775
B6: I03 | C6: =VLOOKUP(B6,[6]Insumos!$A$5:$N$6805,2,0) -> CUADRILLA AA TIPO 1 (1 OFICIAL + 1 AYUDANTE) (Albañileria) | D6: =VLOOKUP(B6,[6]Insumos!$A$5:$N$6805,3,0) -> Mano de Obra | E6: =VLOOKUP(B6,[6]Insumos!$A$5:$N$6805,4,0) -> hr | F6: 0.56 | G6: =VLOOKUP($B6,[6]Insumos!$A$5:$N$6805,VLOOKUP([6]Presupuesto!$B$5,[6]Insumos!$B$2:$N$4,3,0),0) -> 25966 | H6: =ROUND((+G6*F6),0) -> 14541
B7: M05 | C7: =VLOOKUP(B7,[6]Insumos!$A$5:$N$6805,2,0) -> RETROEXCAVADORA SOBRE ORUGAS | D7: =VLOOKUP(B7,[6]Insumos!$A$5:$N$6805,3,0) -> Equipo | E7: =VLOOKUP(B7,[6]Insumos!$A$5:$N$6805,4,0) -> hr | F7: 0.1 | G7: =VLOOKUP($B7,[6]Insumos!$A$5:$N$6805,VLOOKUP([6]Presupuesto!$B$5,[6]Insumos!$B$2:$N$4,3,0),0) -> 278208 | H7: =ROUND((+G7*F7),0) -> 27821
B8: M18 | C8: =VLOOKUP(B8,[6]Insumos!$A$5:$N$6805,2,0) -> EQUIPO DE TRANSPORTE | D8: =VLOOKUP(B8,[6]Insumos!$A$5:$N$6805,3,0) -> Equipo | E8: =VLOOKUP(B8,[6]Insumos!$A$5:$N$6805,4,0) -> dia | F8: 0.08 | G8: =VLOOKUP($B8,[6]Insumos!$A$5:$N$6805,VLOOKUP([6]Presupuesto!$B$5,[6]Insumos!$B$2:$N$4,3,0),0) -> 171308 | H8: =ROUND((+G8*F8),0) -> 13705
C10: SUMINISTRO, TRANSPORTE E INSTALACION DE DOS (2) ARCOS METALICOS DE FUTBOL EN TUBERIA NEGRA (INCLUYE REDES, ANTICORROSIVO,PINTURA, CONCRETO Y ACERO PARA PILOTES) | D10: Actividad | E10: UND | H10: 2529353.4 | J10: =+'AIU (2)'!G28 -> 1.298 | K10: =ROUND((H10*J10),0) -> 3283101
B11: I697 | C11: TUBO ACERO NEGRA CONTRA INCENDIO 4" - CALIBRE 10 ASTM A795 - TIPO COLMENA O SIMILAR. | D11: Insumo | E11: m | F11: 18 | G11: 51534 | H11: 927612
B12: I435 | C12: SOLDADURA ELECTRICA TIPO WESTARCO SUPER E- 6013 DE 1/8 O SIMILAR. | D12: Insumo | E12: kg | F12: 4 | G12: 10197 | H12: 40788
B13: AB1 | C13: ACERO 60.000 PSI | D13: Insumo | E13: kg | F13: 3.92 | G13: 4971 | H13: 19486.32
B14: I685 | C14: TUBO ACERO AGUA NEGRA PARA CERRAMIENTO 3" - - TIPO COLMENA O SIMILAR. | D14: Insumo | E14: m | F14: 21.6 | G14: 34905 | H14: 753948
B15: I1001 | C15: ANTICORROSIVO PREMIUM - TIPO PINTUCO REF. 513 O SIMILAR | D15: Insumos | E15: GAL | F15: 0.5 | G15: 58057 | H15: 29028.5
B16: I1002 | C16: ESMALTE SINTETICO PINTULUX - TIPO PINTUCO REF. SEGÚN COLOR DISEÑO O SIMILAR | D16: Insumo | E16: GAL | F16: 0.72 | G16: 84184 | H16: 60612.48
B17: NI06 | C17: MALLA NYLON CAL 2 | D17: Insumo | E17: m2 | F17: 20.86 | G17: 10831.999 | H17: 225955.49
B18: H2 | C18: EQUIPO BASICO ( HERRAMIENTA MENOR ) | D18: Herramienta | E18: und | F18: 0.2 | G18: 2404 | H18: 480.8
B19: C4 | C19: CUADRILLA DD TIPO 1 (1 OFICIAL + 1 AYUDANTE) (Carpinteria) | D19: Mano de Obra | E19: hr | F19: 16 | G19: 19480 | H19: 311680
B20: AB5 | C20: CONCRETO 3000 psi - 21 Mpa | D20: Analisis | E20: m3 | F20: 0.36 | G20: 397872 | H20: 143233.92
B21: I1799 | C21: SUMINISTRO TRANSPORTE E INSTALACION ACERO DE 60000 PCI (INCLUYE ALAMBRE NEGRO Y FIGURACION) | D21: Insumo | E21: KG | F21: 3.36 | G21: 4919 | H21: 16527.84

Sheet AIU (2)
A1: CALCULO DEL AIU.
A2: PROYECTO: | B2: “REHABILITACIÓN DEL PAVIMENTO VÍA LA FUENTE, TRAMO COMPRENDIDO ENTRE ONDAS DE OTÚN CALLE 38 Y LA CARRERA 41 EN EL PUNTO DE EMPALME CON LA GLORIETA UBICADA SOBRE LA VÍA PANAMERICANA, EN EL MUNICIPIO DE MANIZALES”
A4: Valor estimado de la Obra (Costo Directo). | D4: Valor | E4: 2.5353054e+08
A5: Plazo estimado de ejecución | D5: Meses | E5: 1.5
A7: CAPITULO | B7: TIPO DE GASTO | C7: UN | D7: CANTIDAD. | E7: Destinación | F7: VLOR UNITARIO (mes) | G7: Factor Prestacional. | H7: VLOR TOTAL | I7: SUMA | J7: PORCENTAJE
A9: 1 | B9: GASTOS GENERALES. | J9: =+J10 -> 0.045229108
A10: 1.1 | B10: MANO DE OBRA Y GASTOS DE OFICINA | I10: =SUM(H11:H25) -> 11466960 | J10: =+I10/$E$4 -> 0.045229108
B11: Ingeniero Director | C11: Un | D11: 0 | E11: 0.3 | F11: 6500000 | G11: =+'[8]Analisis Factor Prestacional'!$D$28 -> 0.6556 | H11: =+D11*E11*$E$5*F11*(1+G11) -> 0 | J11: =+H11/E4 -> 0
B12: Ingeniero Residente | C12: Un | D12: 0 | E12: 0.5 | F12: 4300000 | G12: =+'[8]Analisis Factor Prestacional'!$D$28 -> 0.6556 | H12: =+D12*E12*$E$5*F12*(1+G12) -> 0 | J12: =+H12/E4 -> 0
B13: Maestro de Obra | C13: Un | D13: 1 | E13: 1 | F13: 2690000 | G13: =+'[8]Analisis Factor Prestacional'!$D$28 -> 0.6556 | H13: =+D13*E13*$E$5*F13*(1+G13) -> 6680346 | J13: =+H13/E4 -> 0.026349276
B14: Residente de Salud Ocupacional | C14: Un | D14: 1 | E14: 0.25 | F14: 3250000 | G14: =+'[8]Analisis Factor Prestacional'!$D$28 -> 0.6556 | H14: =+D14*E14*$E$5*F14*(1+G14) -> 2017762.5 | J14: =+H14/E4 -> 0.0079586567
B15: Trabajador social | C15: Un | D15: 0 | E15: 0.25 | F15: 3250000 | G15: =+'[8]Analisis Factor Prestacional'!$D$28 -> 0.6556 | H15: =+D15*E15*$E$5*F15*(1+G15) -> 0 | J15: =+H15/E4 -> 0
B16: Almacenista | C16: Un | D16: 0 | E16: 1 | F16: 1460000 | G16: =+'[8]Analisis Factor Prestacional'!$C$28 -> 0.8437 | H16: =+D16*E16*$E$5*F16*(1+G16) -> 0 | J16: =+H16/E4 -> 0
B17: Celador con prestaciones | C17: Un | D17: 1 | E17: 0.5 | F17: 1460000 | G17: =+'[8]Analisis Factor Prestacional'!$C$28 -> 0.8437 | H17: =+D17*E17*$E$5*F17*(1+G17) -> 2018851.5 | J17: =+H17/E4 -> 0.007962952
B18: Secretaria con prestaciones | C18: Un | D18: 0 | E18: 0.3 | F18: 2000000 | G18: =+'[8]Analisis Factor Prestacional'!$E$28 -> 0.8234 | H18: =+D18*E18*$E$5*F18*(1+G18) -> 0 | J18: =+H18/E4 -> 0
B19: Contador | C19: Un | D19: 0 | E19: 0.15 | F19: 1500000 | G19: =+'[8]Analisis Factor Prestacional'!$F$28 -> 0.6483 | H19: =+D19*E19*$E$5*F19*(1+G19) -> 0 | J19: =+H19/E4 -> 0
B20: Equipo de Oficina (Escritorio, pc, impresora, sillas, papeleria) | C20: Mes | D20: 1 | E20: 1 | F20: 350000 | H20: =+D20*E20*$E$5*F20*(1+G20) -> 525000 | J20: =+H20/E4 -> 0.0020707565
B21: Seguridad industrial personal | C21: Mes | D21: 0 | E21: 1 | F21: 1000000 | H21: =+D21*E21*$E$5*F21*(1+G21) -> 0 | J21: =+H21/E4 -> 0
B22: Plan de Salud ocupacional y seguridad industrial | C22: Mes | D22: 0 | E22: 0.5 | F22: 300000
B23: Sistema de gestion ambiental | C23: Mes | D23: 1 | E23: 0.5 | F23: 300000 | H23: =E23*D23*F23*E5 -> 225000 | J23: =+H23/E4 -> 0.00088746706
B24: Sistema de gestion de calidad | C24: Mes | D24: 0 | E24: 0.5 | F24: 600000 | H24: =E24*D24*F24*E5 -> 0 | J24: =+H24/E4 -> 0
B25: Costos financiero | C25: Mes | D25: 0 | E25: 1 | F25: 300000 | H25: =$E$5*F25*E25*D25 -> 0 | J25: =+H25/E4 -> 0
A26: 2 | B26: GASTOS INDIRECTOS. | J26: =J27+J31+J37+J40 -> 0.19278821
A27: 2.1 | B27: LEGALIZACION.
B28: Factor Multiplicador | G28: 1.298
A31: 2.2 | B31: POLIZAS | I31: =SUM(H32:H36) -> 1217605.8 | J31: =+I31/$E$4 -> 0.0048026
B32: Cumplimiento | C32: % | D32: 0.0007 | F32: =+$E$4 -> 2.5353054e+08 | G32: =+$G$28 -> 1.298 | H32: =+F32*G32*D32 -> 230357.85 | J32: =+H32/$E$4 -> 0.0009086
B33: Estabilidad | C33: % | D33: 0.0007 | F33: =+$E$4 -> 2.5353054e+08 | G33: =+$G$28 -> 1.298 | H33: =+F33*G33*D33 -> 230357.85 | J33: =+H33/$E$4 -> 0.0009086
B34: Calidad | C34: % | D34: 0.001 | F34: =+$E$4 -> 2.5353054e+08 | G34: =+$G$28 -> 1.298 | H34: =+F34*G34*D34 -> 329082.64 | J34: =+H34/$E$4 -> 0.001298
B35: Prestaciones Sociales | C35: % | D35: 0.0007 | F35: =+$E$4 -> 2.5353054e+08 | G35: =+$G$28 -> 1.298 | H35: =+F35*G35*D35 -> 230357.85 | J35: =+H35/$E$4 -> 0.0009086
B36: Responsabilidad Civil | C36: % | D36: 0.0006 | F36: =+$E$4 -> 2.5353054e+08 | G36: =+$G$28 -> 1.298 | H36: =+F36*G36*D36 -> 197449.58 | J36: =+H36/$E$4 -> 0.0007788
A37: 2.3 | B37: VALLAS Y SEÑALIZACIÓN | I37: =SUM(H38:H39) -> 700000 | J37: =+I37/$E$4 -> 0.0027610086
B38: Valla (8 metros cuadrados en lona) | C38: Un | D38: 1 | E38: 1 | F38: 500000 | H38: =+D38*F38 -> 500000 | J38: =+H38/$E$4 -> 0.001972149
B39: Seguridad Industrial y Señalización preventiva | C39: Gb | D39: 1 | F39: 200000 | H39: =+F39*D39 -> 200000 | J39: =+H39/$E$4 -> 0.00078885961
A40: 2.4 | B40: IMPUESTOS Y VALORES AGREGADOS | I40: =SUM(H41:H48) -> 46960092 | J40: =+I40/$E$4 -> 0.1852246
B41: Contribuación Especial | C41: % | D41: 0.05 | F41: =+$E$4 -> 2.5353054e+08 | G41: =+$G$28 -> 1.298 | H41: =+D41*F41*G41 -> 16454132 | J41: =+H41/$E$4 -> 0.0649
B42: Estampillas para el bienestar del adulto mayor | C42: % | D42: 0.02 | F42: =+$E$4 -> 2.5353054e+08 | G42: =+$G$28 -> 1.298 | H42: =+D42*F42*G42 -> 6581652.7 | J42: =+H42/$E$4 -> 0.02596
B43: Estampillas Pro - Universidades. | C43: % | D43: 0.02 | F43: =+$E$4 -> 2.5353054e+08 | G43: =+$G$28 -> 1.298 | H43: =+D43*F43*G43 -> 6581652.7 | J43: =+H43/$E$4 -> 0.02596
B44: Estampilla pro cultura | C44: % | D44: 0.02 | F44: =+$E$4 -> 2.5353054e+08 | G44: =+$G$28 -> 1.298 | H44: =+D44*F44*G44 -> 6581652.7 | J44: =+H44/$E$4 -> 0.02596
B45: Estampilla pro justicia familiar | C45: % | D45: 0.02 | F45: =+$E$4 -> 2.5353054e+08 | G45: =+$G$28 -> 1.298 | H45: =+D45*F45*G45 -> 6581652.7 | J45: =+H45/$E$4 -> 0.02596
B46: Gasto bancarios4x1000 y retiros | C46: % | D46: 0.004 | F46: =+$E$4 -> 2.5353054e+08 | G46: =+$G$28 -> 1.298 | H46: =+D46*F46*G46 -> 1316330.5 | J46: =+H46/$E$4 -> 0.005192
B47: Industria y Comercio 3,7 x 1.000 sobre valor total | C47: % | D47: 0.0037 | F47: =+$E$4 -> 2.5353054e+08 | G47: =+$G$28 -> 1.298 | H47: =+D47*F47*G47 -> 1217605.8 | J47: =+H47/$E$4 -> 0.0048026
B48: Tasa pro deporte y recreación | C48: % | D48: 0.005 | F48: =+$E$4 -> 2.5353054e+08 | G48: =+$G$28 -> 1.298 | H48: =+D48*F48*G48 -> 1645413.2 | J48: =+H48/$E$4 -> 0.00649
B49: TOTAL GASTOS INDIRECTOS DE ADMINISTRACION. | I49: =SUM(I10:I48) -> 60344658 | J49: =+ROUND((J9+J26),4) -> 0.238
B50: IMPREVISTO: | J50: 0
B51: UTILIDAD.: | I51: 0.06 | J51: 0.06
B52: A.I.U. | J52: =SUM(J49+J50+J51) -> 0.298
